 Dungeon Crawl Stone Soup version 0.20-a0-854-g0cc194a (webtiles) character file.

133 George the Slasher (level 4, 0/39 HPs)
             Began as a Minotaur Fighter on Mar 11, 2017.
             Killed by nerve-wracking pain
             ... invoked by a shadow imp
             ... summoned by Eustachio
              (14 damage)
             ... on level 3 of the Dungeon.
             The game lasted 00:03:16 (3256 turns).

George the Slasher (Minotaur Fighter)               Turns: 3256, Time: 00:03:17

Health: 0/39       AC:  6    Str: 21    XL:     4   Next: 94%
Magic:  3/3        EV:  9    Int:  5    God:
Gold:   148        SH:  6    Dex: 10    Spells: 3/3 levels left

rFire    . . .     SeeInvis .   a - +0 long sword
rCold    . . .     Gourm    .   b - +0 scale mail
rNeg     . . .     Faith    .   u - +2 buckler
rPois    .         Spirit   .   (helmet restricted)
rElec    .         Reflect  .   (no cloak)
rCorr    .         Harm     .   (no gloves)
MR       .....                  (no boots)
Stlth    ..........             v - amulet of rage
Regen    0.2/turn               (no ring)
MPRegen  0.1/turn               (no ring)

@: no status effects
A: retaliatory headbutt, horns 2
a: Evoke Berserk Rage


You were on level 3 of the Dungeon.
You were hungry.

You visited 1 branch of the dungeon, and saw 4 of its levels.

You collected 148 gold pieces.

Inventory:

Hand Weapons
 a - a +0 long sword (weapon)
Armour
 b - a +0 scale mail (worn)
 c - a +0 shield
 u - a +2 buckler (worn)
Jewellery
 v - an amulet of rage (around neck)
Wands
 w - a wand of lightning (5/15)
Scrolls
 e - 2 scrolls of noise {unknown}
 g - a scroll of random uselessness {unknown}
 h - 4 scrolls of remove curse {unknown}
 i - a scroll of teleportation {unknown}
 j - 2 scrolls of identify {unknown}
 k - 3 scrolls of fog {unknown}
 l - 4 scrolls of fear {unknown}
 m - a scroll of magic mapping {unknown}
 n - a scroll of blinking {unknown}
 t - a scroll of enchant weapon {unknown}
Potions
 d - a potion of might
 o - 2 potions of heal wounds {unknown}
 p - a potion of mutation {unknown}
 q - a potion of curing {unknown}
 r - a potion of magic {unknown}
 x - a potion of haste {unknown}
Comestibles
 f - 4 bread rations
 s - 2 meat rations


   Skills:
 - Level 3.6 Fighting
 + Level 6.2 Long Blades
 - Level 3.6 Armour
 - Level 3.6 Shields


You had 3 spell levels left.
You didn't know any spells.

Dungeon Overview and Level Annotations

Branches:
Dungeon (4/15)
 Temple: D:4-7

Altars:

Annotations:
D:3 Eustachio


Innate Abilities, Weirdness & Mutations

You reflexively headbutt those who attack you in melee.
You have a pair of horns on your head.


Message History

The river rat bites you. The quasit barely misses you.
You riposte.
You miss the quasit. You block the quasit's attack.
The quasit claws you but does no damage.
You block the shadow imp's attack. Eustachio hits you with a rapier.
You hit Eustachio but do no damage.
Eustachio is severely wounded.
The quasit barely misses you. The quasit closely misses you. x2
The river rat bites you.
The shadow imp hits you but does no damage.
You block Eustachio's attack. The quasit closely misses you.
You furiously retaliate!
You headbutt the quasit, but do no damage.
The quasit claws you but does no damage. x2
You miss Eustachio. Your headbutt misses Eustachio.
Eustachio is severely wounded.
You are feeling hungry.
You block the river rat's attack. The shadow imp gestures at you.
Pain shoots through your body!
You die...

#...##.......##.# #.......
######...............# ###.#####.
.....#...##.###.#.#### #.........
......#####.###.#.# #.#.##.#..
####..# #.......# #.#.##.#..
###...# ####...## #.#.......
##....# #>..# #.#..#.#.#
##....#### #.r.# #.#......#
)........# #r5@# #...#..###
.......#.#####.@5#######..###.# #
)#..##.#........5.[...(....#.####
.#..#....>.......................
.#..#..#.>....................###
.#.......#####...#######......# #
.......### #...# #.....<# #
.##.#.## #..<# ##....^#
....#.########...# ####.####


You could see Eustachio, a quasit, a river rat, a white imp, a shadow imp and a
quokka.

Vanquished Creatures
  3 gnolls
  5 adders
  An adder skeleton (D:3)
  2 dart slugs
  A worm (D:3)
  A leopard gecko (D:3)
  4 bats
  3 goblins
  6 hobgoblins
  5 jackals
  8 kobolds
  2 quokkas
  2 ball pythons
  A frilled lizard (D:1)
  6 rats
50 creatures vanquished.

Notes
Turn   | Place    | Note
-------+----------+-------------------------------------------
     0 | D:1      | George the Minotaur Fighter began the quest for the Orb.
     0 | D:1      | Reached XP level 1. HP: 19/19 MP: 0/0
    53 | D:1      | Reached skill level 3 in Long Blades
   122 | D:1      | Reached XP level 2. HP: 18/26 MP: 1/1
  1130 | D:2      | Reached skill level 4 in Long Blades
  1345 | D:2      | Reached XP level 3. HP: 31/31 MP: 2/2
  1401 | D:2      | Reached skill level 5 in Long Blades
  1905 | D:3      | Reached XP level 4. HP: 39/39 MP: 3/3
  2665 | D:3      | Reached skill level 6 in Long Blades
  3231 | D:4      | Noticed Eustachio
  3256 | D:3      | Killed from afar by a shadow imp

Vault maps used:
D:1:      shiori_arrival_oz
D:4:      lemuel_tele_altar, uniq_eustachio

Skill      XL: |  1  2  3  4 |
---------------+-------------+-----
Long Blades    | 3 4 5 6 |  6.2
Fighting       | |  3.6
Armour         | |  3.6
Shields        | |  3.6

Action                   |  1- 3 |  4- 6 || total
-------------------------+-------+-------++-------
Melee: Long sword        |    86 |    70 ||   156
       Headbutt          |    20 |    12 ||    32
  Eat: Chunk             |     2 |     5 ||     7
Armor: Scale mail        |    45 |    41 ||    86
Dodge: Dodged            |    29 |    35 ||    64
Block: Shield            |    40 |     8 ||    48
       Buckler           |       |    24 ||    24
       Rpst.: Long sword |     8 |     9 ||    17
